 Dungeon Crawl Stone Soup version 0.16.0-17-g811c1d7 (console) character file.

51 mauris the Grasshopper (level 3, 2/18 HPs)
             Began as a Spriggan Warper on Mar 21, 2015.
             Quit the game on level 2 of the Dungeon.
             The game lasted 00:03:22 (1858 turns).

mauris the Grasshopper (Spriggan Warper)            Turns: 1858, Time: 00:03:22

Health: 2/18       AC:  3    Str:  7    XL:     3   Next: 57%
Magic:  11/11      EV: 18    Int: 15    God:
Gold:   21         SH:  0    Dex: 15    Spells: 2 memorised, 6 levels left

rFire  . . .     SeeInvis +     a - +0 short sword
rCold  . . .     Clarity  .     b - +1 robe {2}
rNeg   . . .     SustAb   .     (shield restricted)
rPois  .         Gourm    .     (helmet restricted)
rElec  .         Spirit   .     (no cloak)
rCorr  .         Warding  .     (gloves unavailable)
rMut   .         Stasis   .     (boots unavailable)
MR     .....                    (no amulet)
Stlth  +.........               (no ring)
                                (no ring)

@: lethally poisoned (2 -> -6), very quick, not resistant to hostile
enchantments, very unstealthy
A: unfitting armour, see invisible, herbivore 3, speed 3, slow metabolism 2
a: no special abilities


You were on level 2 of the Dungeon.
You were not hungry.

You visited 1 branch of the dungeon, and saw 2 of its levels.

You collected 21 gold pieces.

Inventory:

Hand weapons
 a - a +0 short sword (weapon)
 m - a cursed -1 dagger
Missiles
 e - 5 tomahawks of dispersal {!f}
 n - 19 stones (quivered)
Armour
 b - a +1 robe (worn) {2}
Scrolls
 d - a scroll of blinking
 i - a scroll of random uselessness {unknown}
 j - a scroll of teleportation {unknown}
 k - a scroll of fog {unknown}
 l - a scroll of remove curse {unknown}
Potions
 g - a potion of haste {@q3}
Books
 c - a book of Spatial Translocations

   Spells                             Type                      Level
   a - Apportation                    Translocation                1
   b - Blink                          Translocation                2
   c - Shroud of Golubria             Charms/Translocation         2
   d - Portal Projectile              Translocation                3
   e - Teleport Other                 Translocation                3
   f - Passage of Golubria            Translocation                4
Comestibles
 f - a bread ration


   Skills:
 - Level 1.5 Fighting
 + Level 3.1 Short Blades
 - Level 1.1 Throwing
 - Level 0.6 Armour
 - Level 3.0 Dodging
 + Level 3.6 Spellcasting
 + Level 5.3 Translocations


You had 6 spell levels left.
You knew the following spells:

 Your Spells              Type           Power        Failure   Level  Hunger
A - Apportation           Tloc           ###.......   1%          1    None
B - Blink                 Tloc           N/A          3%          2    ##.....


Dungeon Overview and Level Annotations

Branches:
Dungeon (2/15)

Altars:


Innate Abilities, Weirdness & Mutations

You are tiny and cannot use many weapons and most armour.
You have supernaturally acute eyesight.
You are a herbivore.
You cover ground extremely quickly.
You need consume almost no food.


Message History

You feel magically purged.
You feel yourself slow down. The adder completely misses you.
Drink which item? (? for menu, Esc to quit)
Okay, then.
You are alive.
You are lethally poisoned (3 -> -6).
Your movement speed is very quick.
Your attack speed is average.
You are not resistant to hostile enchantments.
You feel very unstealthy.
Unknown command.
Read which item? (? for menu, Esc to quit)
As you read the scroll labeled SIOPIS ETOEKYJ, it crumbles to dust.
It is a scroll of enchant armour.
Enchant which item? (? for menu, Esc to quit)
Your +0 robe {2} glows green for a moment.
* * * LOW HITPOINT WARNING * * *
You feel sick. The adder misses you.
Huge Dmg: -5%(-1hp) hp: 12%(2hp) Unknown command.
Are you sure you want to abandon this character and quit the game? (Confirm with "yes".)

#.....#
#.#'###
#.#.#
#.#.#
#.#.#
#.#.#
#.#.#
#.#.#
..#@#
#.#S#
((#
(### ..
#. .. #


You could see an adder.

Vanquished Creatures
  An adder (D:2)
  2 worms (D:2)
  2 giant geckos
  5 goblins (D:1)
  2 hobgoblins
  5 kobolds
  5 bats
  A giant newt (D:1)
  6 rats
29 creatures vanquished.

Notes
Turn   | Place    | Note
--------------------------------------------------------------
     0 | D:1      | mauris, the Spriggan Warper, began the quest for the Orb.
     0 | D:1      | Reached XP level 1. HP: 10/10 MP: 4/4
   179 | D:1      | Reached XP level 2. HP: 14/14 MP: 7/7
   216 | D:1      | Learned a level 2 spell: Blink
   957 | D:2      | Huge Dmg: 8 dmg
  1228 | D:2      | Huge Dmg: 4 dmg
  1228 | D:2      | Reached skill level 5 in Translocations
  1228 | D:2      | Reached XP level 3. HP: 12/18 MP: 11/11
  1261 | D:2      | Huge Dmg: 10 dmg
  1566 | D:2      | Huge Dmg: 7 dmg
  1855 | D:2      | Huge Dmg: 3 dmg
  1856 | D:2      | Huge Dmg: 1 dmg
  1858 | D:2      | Huge Dmg: 1 dmg
  1858 | D:2      | Quit the game

Action                   || total
-------------------------++-------
Melee: Short sword       ||    87
Throw: Stone             ||    37
  Use: Potion            ||     2
       Scroll            ||     1
 Stab: Sleeping          ||     1

Vault maps used:
D:1:      lemuel_arrival_room
D:2:      overflow_temple_1_default, grunt_temple_overflow_open
